 Dungeon Crawl Stone Soup version 0.31.0-11-ge490571c62 (webtiles) character file.

Game seed: 9056635774358724979

2154573 dannycarnage the Conqueror (level 27, 228/228 HPs)
             Began as a Djinni Conjurer on Jan 27, 2024.
             Was the Champion of Makhleb.
             Escaped with the Orb
             ... and 3 runes
             ... and 3 gems (0 intact) on Jan 28, 2024!
             The game lasted 07:20:42 (55234 turns).

dannycarnage the Conqueror (Djinni Conjurer)       Turns: 55234, Time: 07:20:43

Health: 228/228    AC: 16    Str: 11 (13) XL:     27
Gold:   7181       EV: 17    Int: 29 (30) God:    Makhleb [******] SH: 16 Dex: 16

rFire   + + .        b - staff "Nuogim" {rElec rC+ rN+ Int-2 Necro}
rCold   + . .        f - +4 kite shield of Disaster {+Inv}
rNeg    + . .        P - +1 robe of Vines {NoPotionHeal Regen++++}
rPois   ∞            N - +2 helmet {SInv}
rElec   +            M - +2 cloak {Will+}
rCorr   .            Z - +2 pair of gloves
SInv    +            (boots unavailable)
Will    +++..        L - amulet of regeneration
Stlth   +            T - ring "Faucvoo" {rElec rC+ Str+7 Int-4}
HPRegen 4.58/turn    c - +6 ring of intelligence
MPRegen 0.00/turn

%: no passive effects
@: flying
A: sickness immunity, fire resistance 2, cold vulnerability 1, float, innate
caster, HP casting, extra vitality 1, iridescent scales 1
0: Orb of Zot
}: 3/15 runes: decaying, silver, gossamer
a: Renounce Religion, Evoke Invisibility, Minor Destruction, Lesser Servant of
Makhleb, Major Destruction, Greater Servant of Makhleb


You escaped.
You worshipped Makhleb.
Makhleb was exalted by your worship.
You visited 10 branches of the dungeon, and saw 48 of its levels.
You also visited: Bailey and Gauntlet.

You collected 8342 gold pieces.
You spent 1161 gold pieces at shops.

Inventory:

Hand Weapons
 a - the +6 Majin-Bo {spellvamp, MP+6 Int+6}
   (You took it off a vault warden on level 5 of the Vaults)

   Int+6:     It affects your intelligence (+6).
   MP+6:      It affects your magic capacity (+6).
Missiles
 R - 53 poisoned darts
 W - 9 silver javelins
Armour
 f - the +4 kite shield of Disaster (worn) {+Inv}
   (You took it off a minotaur in a Gauntlet)

   +Inv:      It lets you turn invisible.
 M - a +2 cloak of willpower (worn)
 N - a +2 helmet of see invisible (worn)
 P - the +1 robe of Vines (worn) {NoPotionHeal Regen++++}
   (You found it on level 2 of the Depths)

   NoPotionHeal: Its wearer cannot be healed by potions.
   Regen++++: It increases your rate of health regeneration.
 Z - a +2 pair of gloves (worn)
Magical Staves
 b - the staff "Nuogim" (weapon) {rElec rC+ rN+ Int-2 Necro}
   (You found it on level 5 of the Vaults)

   [staff of death]

   Base accuracy: +5 Base damage: 5 Base attack delay: 1.2 This weapon's minimum
   attack delay (0.6) is reached at skill level 12.
   Int-2:     It affects your intelligence (-2).
   rC+:       It protects you from cold.
   rElec:     It insulates you from electricity.
   rN+:       It protects you from negative energy.
   Necro:     It increases the power of your Necromancy spells.
   It falls into the 'Staves' category.
   It is a one-handed weapon.
Jewellery
 c - a +6 ring of intelligence (right hand)
 x - a +4 ring of protection
 F - a ring of protection from fire
 I - a ring of protection from cold
 L - an amulet of regeneration (around neck)
 O - a +6 ring of intelligence
 T - the ring "Faucvoo" (left hand) {rElec rC+ Str+7 Int-4}
   (You took it off a vault warden on level 3 of the Vaults)

   [ring of protection from cold]

   Str+7:     It affects your strength (+7).
   Int-4:     It affects your intelligence (-4).
   rC+:       It protects you from cold.
   rElec:     It insulates you from electricity.
Wands
 k - a wand of mindburst (39)
 D - a wand of digging (24)
 E - a wand of light (47)
 G - a wand of polymorph (20)
 H - a wand of paralysis (64)
 J - a wand of roots (25)
 K - a wand of flame (92)
Scrolls
 e - 17 scrolls of immolation
 g - 16 scrolls of fear
 i - 24 scrolls of identify
 m - 8 scrolls of poison
 p - 3 scrolls of brand weapon
 r - 2 scrolls of silence
 t - 20 scrolls of teleportation
 v - 20 scrolls of enchant weapon
 w - 11 scrolls of vulnerability
 y - 11 scrolls of fog
 B - 2 scrolls of blinking
 Q - 2 scrolls of butterflies
 X - 3 scrolls of revelation
Potions
 d - 9 potions of might
 h - 4 potions of haste
 j - 4 potions of enlightenment
 l - 14 potions of heal wounds
 n - 3 potions of resistance
 q - 17 potions of curing
 u - 8 potions of brilliance
 z - 9 potions of mutation
 A - 5 potions of cancellation
 C - 9 potions of lignification
 U - 8 potions of ambrosia
 Y - 4 potions of invisibility
Miscellaneous
 o - a phantom mirror
 s - a lightning rod (4/4)
 S - a phial of floods
 V - a box of beasts


   Skills:
 O Level 27 Fighting
 - Level 12.0 Armour
 - Level 12.0 Dodging
 - Level 1.5 Stealth
 - Level 12.0 Shields
 + Level 26.5 Spellcasting
 + Level 26.5 Conjurations
 + Level 26.5 Hexes
   Level 0.0 Charms
 + Level 26.5 Summonings
 + Level 26.5 Necromancy
 + Level 26.5 Translocations
   Level 0.0 Transmutations
 + Level 26.5 Fire Magic
 + Level 26.5 Ice Magic
 + Level 26.5 Air Magic
 + Level 26.5 Earth Magic
 + Level 26.5 Alchemy
 - Level 5.0 Evocations


You knew the following spells:

 Your Spells              Type           Power      Damage    Failure   Level
a - Magic Dart            Conj           100%       1d8       0%          1
b - Metabolic Englaciati  Hex/Ice        56%        N/A       0%          5
c - Lehudib's Crystal Sp  Conj/Erth      56%        10d13     1%          8
d - Iskenderun's Mystic   Conj/Tloc      100%       2d19      0%          4
e - Bombard               Conj/Erth      56%        9d9       0%          6
f - Summon Horrible Thin  Summ           56%        N/A       1%          8
g - Momentum Strike       Conj/Tloc      100%       3d10      0%          2
h - Stone Arrow           Conj/Erth      100%       3d13      0%          3
i - Passage of Golubria   Tloc           100%       N/A       0%          4
j - Searing Ray           Conj           100%       2d8       0%          2
k - Death Channel         Necr           68%        N/A       0%          6
l - Freeze                Ice            100%       1d10      0%          1
m - Conjure Ball Lightni  Conj/Air       56%        3x3d20    0%          6
n - Ensorcelled Hibernat  Hex/Ice        100%       N/A       0%          2
o - Enfeeble              Hex            56%        N/A       1%          7
p - Fulminant Prism       Conj/Alch      56%        3d25      0%          4
D - Death's Door          Necr           68%        N/A       3%          9
Your spell library was empty.

Dungeon Overview and Level Annotations

Branches:
Dungeon (15/15)            Temple (1/1) D:6            Lair (5/5) D:10
  Swamp (4/4) Lair:3       Spider (4/4) Lair:2        Slime (0/5) Lair:4
    Orc (2/2) D:9             Elf (3/3) Orc:2        Vaults (5/5) D:13
  Crypt (0/3) Vaults:2     Depths (4/4) D:15            Zot (5/5) Depths:4
 Bailey (visited)         Gauntlet (visited)

Altars:
Ashenzari
Cheibriados
Dithmenos
Elyvilon
Fedhas
Gozag
Hepliaklqana
Makhleb
Nemelex Xobeh
Okawaru
Qazlal
Ru
Trog
Uskayaw
Wu Jian
Xom
Yredelemnul
Zin
The Shining One
Lugonu

Shops:
Orc:1 [   Orc:2 :[(*   Elf:3 *   Vaults:2 [   Vaults:3 [[   Vaults:4 (:(
Depths:2 :   Depths:3 *

Portals:
Hell: Depths:2 Depths:3 Depths:4
Abyss: Depths:3
Pandemonium: Depths:1 Depths:2 Depths:4
Ziggurat: Depths:1

Annotations:
D:3 exclusion: downstairs
D:5 exclusion: 2 killer bees, Duvessa
Lair:5 3 runed translucent doors, exclusion: 3 doors, KineticRobot's ghost, journeyman HOFi
Elf:2 3 runed translucent doors, exclusion: 3 doors, Roxanne
Vaults:2 Zenata
Vaults:3 2 transporters, DizzySkin's ghost, veteran MiBe
Depths:1 3 runed translucent doors, exclusions: 3 doors and 1 more exclusion, sanka's ghost, journeyman MiFi
Zot:1 2 exclusions
Zot:2 exclusion: door


Innate Abilities, Weirdness & Mutations

You are immune to sickness and miasma.
You are immune to poison.
Your flesh is very heat resistant. (rF++)
You are vulnerable to cold. (rC-)
You float through the air rather than walking.
You learn spells naturally, not from books.
Your magical power is your life essence.
You have superior vitality. (+4 MHP)
You are partially covered in iridescent scales. (AC +2)


Message History

You feel yourself speed up.
Casting: Enfeeble (safe; 1% risk of failure)
Confirm with . or Enter, or press ? or * to list all spells.
Aiming: Lehudib's Crystal Spear (mildly dangerous; 1% risk of failure)
Press: ? - help, Shift-Dir - straight line, f/p - Brimstone Fiend
Aim: a Brimstone Fiend (weak, magic disrupted, 92% to hit)
The crystal spear hits the Brimstone Fiend!!!
The Brimstone Fiend is severely wounded.
Casting: Lehudib's Crystal Spear (mildly dangerous; 1% risk of failure)
Confirm with . or Enter, or press ? or * to list all spells.
Aiming: Lehudib's Crystal Spear (mildly dangerous; 1% risk of failure)
Press: ? - help, Shift-Dir - straight line, f/p - Brimstone Fiend
Aim: a Brimstone Fiend (severely wounded, weak, magic disrupted, 92% to hit)
The crystal spear hits the Brimstone Fiend!!!!
You kill the Brimstone Fiend!
Makhleb accepts your kill.
You feel better.
There is a stone staircase leading up here.
You fly upwards.
Level annotation: exclusion: downstairs
There is a stone staircase leading down here.
HP restored.
A cacodemon and 2 orange demons come into view.
Press: ? - help, v - describe, . - travel
Here: a cacodemon The floor.
The orange demon screeches! x2
There is a stone staircase leading up here.
You fly upwards.
There is a stone staircase leading down here.
There is a stone staircase leading up here.
You fly upwards.
Your extra speed is starting to run out.
There is a stone staircase leading down here.
You feel yourself slow down.
There is an open door here.
An endoplasm comes into view.
The endoplasm quivers.
There is a staircase leading out of the dungeon here.
You have escaped!

##.####...##.###.###.##..........
##........#...#[..#...###########
#######.###...#...#...###########
#### #.# #...#...#...#...)......
.†.# #.# ##.###J###.###.########
##.# #>####.# #.# #.# #.# #
#.####.#.##.###.###.###.# #
#........#...#...#...##.# #
#####.##.#.....@.#...'..# #
#.##.#...#...#...#### #
#.##.############# # #.##.#
#......# # #.##.#####.####.# #
#..........# #.# # ####.#######
#.# #.# #.# #.##########.#


You could see an endoplasm.

Vanquished Creatures
  2 orbs of fire
  2 dread liches
  An ancient lich (Vaults:5)
  Mennas (Vaults:3)
  Bai Suzhen (Elf:3)
  2 Killer Klowns (Zot:5)
  Boris (Vaults:5)
  A curse toe (Zot:5)
  2 golden dragons (Depths:2)
  A Brimstone Fiend (D:4)
  A walking crystal tome (Depths:2)
  Rupert (D:13)
  4 tentacled monstrosities
  Mlioglotl (Spider:2)
  2 liches
  7 Orb Guardians
  A walking divine tome (Depths:3)
  An Ice Fiend (Zot:2)
  4 deep elf master archers (Elf:3)
  2 titans (Vaults:5)
  An Executioner (D:10)
  4 quicksilver dragons
  7 death cobs
  3 sphinxes
  The ghost of Xesagash the Executioner, an adept MiBe of Trog (Spider:1)
  A thorn hunter (Swamp:4)
  Aizul (Swamp:2)
  4 shadow dragons
  12 storm dragons
  2 tengu reavers
  3 draconian monks
  3 draconian shifters
  A draconian knight (Zot:4)
  2 frost giants
  A balrug (Depths:2)
  2 protean progenitors
  7 deep elf sorcerers
  Louise (Spider:4)
  6 fire giants
  4 deep elf elementalists
  6 ghost moths
  A caustic shrike zombie (Depths:2)
  An emperor scorpion (Spider:4)
  6 vault wardens
  6 broodmothers
  3 ghouls (Swamp:3)
  An orc warlord (Orc:2)
  A spriggan defender (Depths:3)
  A very ugly thing (Depths:1)
  9 ironbound preservers
  2 formless jellyfish
  3 ironbound thunderhulks
  2 draconian annihilators (Zot:1)
  15 stone giants
  5 deep elf death magi (Elf:3)
  Nessos (D:13)
  3 deep elf demonologists (Elf:3)
  4 eleionomae
  A minotaur (Gauntlet)
  14 deep elf annihilators
  3 vampire knights
  2 green draconians
  3 black draconians
  6 yellow draconians
  2 war gargoyles
  7 bunyips
  7 purple draconians
  A white draconian (Zot:2)
  A dire elephant (Vaults:4)
  8 spark wasps
  4 red draconians
  7 ettins
  10 deep elf high priests
  A merfolk javelineer (Depths:3)
  4 fire dragons
  2 jiangshi (Depths:3)
  5 yaktaur captains
  Josephine (D:14)
  3 entropy weavers
  A great orb of eyes (Gauntlet)
  18 vault guards
  17 alligators
  3 ogre magi
  A rakshasa (Depths:2)
  3 ice dragons
  19 hydras
  3 ironbound frosthearts
  A centaur warrior (D:15)
  5 jorogumos
  2 spriggan air magi
  3 catoblepae (Lair:5)
  A radroach (Spider:4)
  2 ghost crabs
  9 boulder beetles
  16 dancing weapons
  A death knight (D:15)
  4 tengu warriors
  5 two-headed ogres
  11 death yaks (Lair:5)
  7 deep troll shamans
  9 deep troll earth magi
  4 orc high priests
  4 demonic crawlers
  2 hell knights (Depths:2)
  A shock serpent (shapeshifter) (Depths:3)
  Amaemon (Lair:3)
  5 spriggan berserkers
  A soul eater (Depths:2)
  8 deep elf knights
  Nergalle (Lair:1)
  A fire crab (Gauntlet)
  A fire crab (shapeshifter) (D:15)
  A skyshark (Lair:4)
  A titan zombie (Depths:2)
  6 iron trolls
  2 death drakes
  Lodul (D:11)
  A death drake (shapeshifter) (Depths:2)
  9 goliath frogs
  9 pharaoh ants
  A skeletal warrior (D:15)
  7 orb spiders
  3 glowing orange brains
  A skyshark (shapeshifter) (Vaults:5)
  27 deep trolls
  2 sun moths
  13 swamp dragons
  5 spriggan druids
  An arcanist (Vaults:1)
  A mana viper (shapeshifter) (Vaults:5)
  4 lindwurms
  3 bog bodies (Swamp:1)
  A glowing orange brain (shapeshifter) (Vaults:5)
  8 nameless horrors
  7 steelbarb worms
  9 deep elf archers
  5 harpies
  2 flayed ghosts (Depths:2)
  2 necromancers
  2 orc knights (Orc:2)
  A harpy (shapeshifter) (Elf:3)
  12 deep elf zephyrmancers
  13 deep elf pyromancers
  4 ironbound convokers
  5 cyclopes
  2 orc sorcerers (Orc:2)
  2 manticores (Lair:5)
  Maurice (D:11)
  12 wolf spiders
  2 ugly things
  2 will-o-the-wisps
  2 human zombies (Vaults:4)
  8 kobold blastminers
  A large abomination (D:10)
  A moth of wrath (shapeshifter) (Vaults:5)
  21 moths of wrath
  A water nymph (shapeshifter) (Depths:2)
  8 meliai
  9 elephants (Lair:5)
  8 torpor snails
  A black mamba (Lair:4)
  Joseph (D:10)
  6 vault sentinels
  A black mamba (shapeshifter) (D:13)
  An eye of devastation (shapeshifter) (Vaults:5)
  Maggie (D:9)
  A gargoyle (D:14)
  An orange demon (Lair:3)
  13 cane toads
  A freezing wraith (Vaults:5)
  8 yaktaurs
  4 tengu conjurers
  An efreet (D:15)
  A tormentor (Depths:2)
  8 komodo dragons
  A yaktaur (shapeshifter) (Vaults:5)
  2 unseen horrors (D:11)
  A polar bear (Lair:5)
  5 trolls
  3 bloated husks (Swamp:4)
  Prince Ribbit (D:5)
  18 tarantellas
  A merfolk (shapeshifter) (Depths:2)
  9 blink frogs
  A raiju (Gauntlet)
  12 tyrant leeches
  11 dream sheep
  A snapping turtle (shapeshifter) (Vaults:5)
  15 hornets
  13 slime creatures
  19 jumping spiders
  An air elemental (Elf:2)
  13 spriggans
  4 shadows
  7 wraiths
  3 water elementals
  A vampire (D:9)
  17 culicivoras
  A yak (shapeshifter) (D:13)
  41 yaks
  10 wyverns
  A basilisk (shapeshifter) (Elf:2)
  3 fire bats (Gauntlet)
  3 fire elementals
  24 redbacks
  3 basilisks
  3 steam dragons
  A warg (Elf:1)
  6 vampire mosquitoes
  23 swamp worms
  A two-headed ogre zombie (D:9)
  6 acid dragons
  12 water moccasins
  14 swamp drakes
  5 black bears
  24 orc warriors
  4 ice beasts
  16 ogres
  6 laughing skulls
  An ettin simulacrum (Vaults:4)
  A boggart (Vaults:1)
  A sky beast (D:8)
  5 wolves (Lair:4)
  4 centaurs
  4 phantoms
  4 kobold brigands
  A necrophage (Swamp:3)
  8 bullfrogs
  An earth elemental (Elf:2)
  3 scorpions
  6 wights
  Dowan (D:5)
  4 troll zombies (D:9)
  10 killer bees
  6 howler monkeys
  A bombardier beetle (D:3)
  A quasit (D:8)
  2 jellies (Lair:4)
  4 hounds
  19 orc priests
  A sleepcap (D:5)
  5 iguanas
  21 orc wizards
  3 ogre zombies (D:9)
  Robin (D:4)
  5 gnolls
  7 adders
  3 shadow imps (D:8)
  A white imp (D:8)
  4 dart slugs
  2 ribbon worms (D:2)
  57 orcs
  7 bats
  10 endoplasms
  5 giant cockroaches
  3 gnoll zombies (D:9)
  18 goblins
  14 hobgoblins
  16 jackals
  3 quokkas
  9 ball pythons
  8 frilled lizards
  3 gnoll skeletons (D:9)
  37 kobolds
  An orc skeleton (D:9)
  18 orc zombies (D:9)
  6 rats
  An aspiring flesh (Zot:3)
1456 creatures vanquished.

Vanquished Creatures (collateral kills)
  3 dread liches
  4 ancient liches
  The ghost of royokou the Executioner, a veteran MiFi of Makhleb (Vaults:1)
  7 golden dragons
  A bone dragon (Depths:4)
  Arachne (Spider:3)
  Norris (Vaults:2)
  2 electric golems
  Jorgrun (Swamp:2)
  A walking crystal tome (Depths:4)
  9 tentacled monstrosities
  16 Orb Guardians (Zot:5)
  Asterion (Vaults:2)
  A quicksilver dragon (Zot:4)
  3 liches
  3 titans (Vaults:5)
  2 walking divine tomes
  4 sphinxes
  A walking frostbound tome (Depths:3)
  8 shadow dragons
  5 storm dragons
  A tengu reaver (Vaults:3)
  A thorn hunter (Swamp:2)
  A draconian knight (Zot:2)
  6 frost giants
  3 fire giants
  3 draconian monks
  2 protean progenitors
  2 draconian shifters
  A revenant (Vaults:2)
  13 vault wardens
  4 draconian scorchers
  A balrug (Depths:4)
  2 orc warlords (Vaults:4)
  2 draconian stormcallers
  11 ironbound preservers
  2 spriggan defenders
  A draconian annihilator (Zot:4)
  3 broodmothers (Spider:4)
  8 very ugly things
  A formless jellyfish (Vaults:1)
  4 stone giants
  A deep elf annihilator (Vaults:3)
  A deep elf death mage (Vaults:4)
  9 ironbound thunderhulks
  6 green draconians
  A vampire knight (Depths:3)
  2 war gargoyles
  12 dire elephants
  3 black draconians
  8 yellow draconians
  4 white draconians
  5 spark wasps
  4 purple draconians
  10 red draconians
  2 crystal guardians (Vaults:3)
  An eidolon (Vaults:2)
  9 yaktaur captains
  A jiangshi (Depths:3)
  5 ettins
  3 great orbs of eyes
  8 fire dragons
  5 entropy weavers
  14 vault guards
  3 ice dragons
  3 peacekeepers
  A hell beast (Depths:4)
  A rakshasa (Depths:3)
  A shambling mangrove (Swamp:3)
  5 ironbound frosthearts
  3 jorogumos
  3 spriggan air magi
  A two-headed ogre (Vaults:5)
  A boulder beetle (Vaults:1)
  5 centaur warriors (Vaults:1)
  2 deep troll shamans
  2 tengu warriors (Depths:3)
  3 vampire magi (Depths:3)
  A spectral spark wasp (Depths:4)
  2 spriggans (Depths:3)
  A pharaoh ant (Spider:4)
  2 death drakes (Zot:1)
  2 skysharks (Vaults:2)
  2 iron trolls
  51 deep trolls
  A goliath frog (Zot:3)
  2 orb spiders (Spider:4)
  An orb spider (shapeshifter) (Vaults:4)
  19 ironbound convokers
  8 arcanists
  2 glowing orange brains (Depths:3)
  2 steelbarb worms
  2 phantasmal warriors
  6 orc knights (Vaults:4)
  19 lindwurms
  9 harpies
  A tengu zombie (Vaults:4)
  An eye of devastation (shapeshifter) (Depths:3)
  5 wolf spiders
  A sphinx simulacrum (Vaults:4)
  18 ugly things
  7 moths of wrath
  A manticore (shapeshifter) (Depths:3)
  A torpor snail (Spider:2)
  14 vault sentinels
  A water nymph (shapeshifter) (Vaults:5)
  A rime drake (Zot:1)
  39 yaktaurs
  A nameless horror (Depths:4)
  3 freezing wraiths
  2 tyrant leeches (Zot:1)
  8 tarantellas
  2 hornets (Depths:3)
  8 culicivoras
  19 slime creatures
  9 jumping spiders
  A water elemental (Depths:3)
  A basilisk (D:13)
  35 redbacks
  A redback (shapeshifter) (Vaults:5)
  A laughing skull (Vaults:2)
  An ogre (Vaults:5)
  A centaur (D:15)
  3 boggarts (Vaults:1)
  A ball lightning (Vaults:1)
614 creatures vanquished.

Vanquished Creatures (others)
  A golden dragon (Zot:4)
  2 liches (Depths:2)
  2 draconian monks (Zot:4)
  A draconian scorcher (Zot:2)
  A ghost moth (Zot:3)
  A red draconian (Zot:1)
  A vault guard (Vaults:5)
  An alligator (Swamp:4)
  A lindwurm (Vaults:3)
  A will-o-the-wisp (Swamp:4)
  2 bloated husks (Swamp:4)
  A hornet (Swamp:3)
  A redback (Vaults:2)
  An ogre (Vaults:5)
  6 ball lightnings
  15 foxfires
  21 fulminant prisms
59 creatures vanquished.

Grand Total: 2129 creatures vanquished

Notes
Turn   | Place    | Note
-------+----------+-------------------------------------------
     0 | D:1      | dannycarnage the Djinni Conjurer began the quest for the
                  | Orb.
     0 | D:1      | dannycarnage set off with the following spells memorised:
                  | Magic Dart, Searing Ray, Fulminant Prism, Iskenderun's
                  | Mystic Blast.
     0 | D:1      | Reached XP level 1. HP: 15/15 MP: 0/0
   192 | D:1      | Reached XP level 2. HP: 20/22 MP: 0/0
   285 | D:1      | Reached skill level 1 in Fighting
   443 | D:1      | Reached XP level 3. HP: 20/27 MP: 0/0
   443 | D:1      | Learned a level 1 spell: Freeze
  1096 | D:2      | Reached skill level 2 in Fighting
  1310 | D:2      | Reached XP level 4. HP: 25/33 MP: 0/0
  2421 | D:3      | Reached XP level 5. HP: 39/40 MP: 0/0
  2421 | D:3      | Learned a level 2 spell: Ensorcelled Hibernation
  2503 | D:3      | Reached skill level 3 in Fighting
  3232 | D:4      | Noticed Robin
  3273 | D:4      | Noticed an ice beast
  3406 | D:4      | Reached XP level 6. HP: 41/46 MP: 0/0
  3554 | D:4      | Noticed an ice beast
  3788 | D:4      | Killed an ice beast
  3789 | D:4      | Reached skill level 4 in Fighting
  3789 | D:4      | Reached skill level 5 in Spellcasting
  3789 | D:4      | Reached skill level 5 in Conjurations
  3789 | D:4      | Reached skill level 5 in Hexes
  3789 | D:4      | Reached skill level 5 in Summonings
  3789 | D:4      | Reached skill level 5 in Necromancy
  3789 | D:4      | Reached skill level 5 in Translocations
  3789 | D:4      | Reached skill level 5 in Fire Magic
  3789 | D:4      | Reached skill level 5 in Ice Magic
  3789 | D:4      | Reached skill level 5 in Air Magic
  3789 | D:4      | Reached skill level 5 in Earth Magic
  3789 | D:4      | Reached skill level 5 in Alchemy
  4059 | D:4      | Killed an ice beast
  4060 | D:4      | Reached XP level 7. HP: 47/52 MP: 0/0
  4060 | D:4      | Learned a level 2 spell: Momentum Strike
  4069 | D:4      | Killed Robin
  4296 | D:5      | Entered Level 5 of the Dungeon
  4296 | D:5      | Noticed Duvessa
  4296 | D:5      | Noticed Dowan
  4709 | D:6      | Reached XP level 8. HP: 42/58 MP: 0/0
  5250 | D:5      | Noticed Prince Ribbit
  5271 | D:5      | Killed Prince Ribbit
  5552 | D:5      | Killed Dowan
  6185 | D:6      | Reached XP level 9. HP: 58/62 MP: 0/0
  6185 | D:6      | Learned a level 3 spell: Stone Arrow
  6318 | D:6      | Found a staircase to the Ecumenical Temple.
  6327 | Temple   | Entered the Ecumenical Temple
  6348 | Temple   | Became a worshipper of Makhleb the Destroyer
  6464 | D:6      | Reached skill level 5 in Fighting
  6656 | D:7      | Reached skill level 6 in Fighting
  6815 | D:7      | Reached skill level 7 in Fighting
  7174 | D:7      | Reached * piety under Makhleb
  7176 | D:7      | Reached skill level 8 in Fighting
  7751 | D:7      | Reached XP level 10. HP: 71/77 MP: 0/0
  7931 | D:8      | Reached skill level 1 in Armour
  8218 | D:8      | Found a flagged portal.
  8316 | Bailey   | Entered a bailey
  8365 | Bailey   | Reached ** piety under Makhleb
  8381 | Bailey   | Reached skill level 9 in Fighting
  9336 | D:9      | Reached *** piety under Makhleb
  9628 | D:9      | Found a staircase to the Orcish Mines.
  9815 | D:9      | Reached XP level 11. HP: 74/85 MP: 0/0
  9815 | D:9      | Learned a level 4 spell: Passage of Golubria
  9878 | D:9      | Noticed Maggie
  9884 | D:9      | Killed Maggie
  9885 | D:9      | Reached skill level 10 in Fighting
  9885 | D:9      | Reached skill level 5 in Armour
  9897 | D:9      | Found an ornate altar of the Wu Jian Council.
  9898 | D:9      | Found a sacrificial altar of Ru.
  9900 | D:9      | Found a glowing silver altar of Zin.
 10000 | D:9      | Reached **** piety under Makhleb
 10247 | D:10     | Entered Level 10 of the Dungeon
 10421 | D:10     | Noticed Joseph
 10543 | D:10     | Killed Joseph
 10791 | D:10     | Reached skill level 10 in Spellcasting
 10791 | D:10     | Reached skill level 10 in Conjurations
 10791 | D:10     | Reached skill level 10 in Hexes
 10791 | D:10     | Reached skill level 10 in Summonings
 10791 | D:10     | Reached skill level 10 in Necromancy
 10791 | D:10     | Reached skill level 10 in Translocations
 10791 | D:10     | Reached skill level 10 in Fire Magic
 10791 | D:10     | Reached skill level 10 in Ice Magic
 10791 | D:10     | Reached skill level 10 in Air Magic
 10791 | D:10     | Reached skill level 10 in Earth Magic
 10791 | D:10     | Reached skill level 10 in Alchemy
 10864 | D:10     | Found a snail-covered altar of Cheibriados.
 11119 | D:10     | Found a staircase to the Lair.
 11173 | Lair:1   | Entered Level 1 of the Lair of Beasts
 11256 | Lair:1   | Reached skill level 11 in Fighting
 11576 | Lair:1   | Noticed Nergalle
 11590 | Lair:1   | Killed Nergalle
 11691 | Lair:1   | Reached XP level 12. HP: 93/94 MP: 0/0
 12028 | Lair:2   | Reached skill level 12 in Fighting
 12152 | Lair:3   | Reached ***** piety under Makhleb
 12240 | Lair:4   | Reached skill level 13 in Fighting
 12257 | Lair:4   | Found a staircase to the Slime Pits.
 12294 | Lair:4   | Noticed a skyshark
 12300 | Lair:4   | Killed a skyshark
 12309 | Lair:4   | Noticed a six-headed hydra
 12315 | Lair:4   | Killed a six-headed hydra
 12317 | Lair:5   | Entered Level 5 of the Lair of Beasts
 12333 | Lair:5   | Reached skill level 5 in Dodging
 12389 | Lair:5   | Reached XP level 13. HP: 104/104 MP: 0/0
 12389 | Lair:5   | Learned a level 5 spell: Metabolic Englaciation
 12410 | Lair:5   | Noticed a six-headed hydra
 12414 | Lair:5   | Killed a six-headed hydra
 12445 | Lair:5   | Found a gate leading to a gauntlet.
 12458 | Lair:5   | Found a runed translucent gate.
 12461 | Gauntlet | Entered a Gauntlet
 12461 | Gauntlet | Found a transporter.
 12462 | Gauntlet | Found a large runed translucent door.
 12463 | Gauntlet | Found a large runed translucent door.
 12464 | Gauntlet | Found a large runed translucent door.
 12464 | Gauntlet | Found a large runed translucent door.
 12464 | Gauntlet | Found a runed translucent door.
 12465 | Gauntlet | Found a large runed translucent door.
 12466 | Gauntlet | Found a large runed translucent door.
 12467 | Gauntlet | Found a large runed translucent door.
 12467 | Gauntlet | Found a large runed translucent door.
 12468 | Gauntlet | Found a runed translucent gate.
 12468 | Gauntlet | Found a runed translucent gate.
 12470 | Gauntlet | Found a transporter.
 12478 | Gauntlet | Found a runed translucent gate.
 12478 | Gauntlet | Found a runed translucent door.
 12479 | Gauntlet | Found a large runed translucent door.
 12479 | Gauntlet | Found a large runed translucent door.
 12480 | Gauntlet | Found a large runed translucent door.
 12481 | Gauntlet | Found a large runed translucent door.
 12485 | Gauntlet | Found a transporter.
 12490 | Gauntlet | Found a transporter.
 12516 | Gauntlet | Found a transporter.
 12525 | Gauntlet | Found a transporter.
 12527 | Gauntlet | Noticed a great orb of eyes
 12537 | Gauntlet | Found a transporter.
 12549 | Gauntlet | Found a transporter.
 12552 | Gauntlet | Noticed a reaper
 12561 | Gauntlet | Found a transporter.
 12573 | Gauntlet | Found a transporter.
 12592 | Gauntlet | Found a transporter.
 12608 | Gauntlet | Found a transporter.
 12610 | Gauntlet | Found a transporter.
 12637 | Gauntlet | Found a transporter.
 12637 | Gauntlet | Found a transporter.
 12653 | Gauntlet | Found a large runed translucent door.
 12653 | Gauntlet | Found a large runed translucent door.
 12654 | Gauntlet | Found a large runed translucent door.
 12655 | Gauntlet | Found a large runed translucent door.
 12657 | Gauntlet | Found a transporter.
 12735 | Gauntlet | Found a transporter.
 12755 | Gauntlet | Found a transporter.
 12970 | Gauntlet | Reached skill level 14 in Fighting
 13007 | Gauntlet | Killed a great orb of eyes
 13024 | Gauntlet | Identified the amulet of Light {Faith rC+}
 13055 | Gauntlet | Identified the +8 long sword "Juleukav" {venom, rPois
                  | Int+3}
 13055 | Gauntlet | Identified the +4 kite shield of Disaster {+Inv}
 13055 | Gauntlet | Identified the ring of Elyvilon's Fury {Str+6 Dex+3}
 13055 | Gauntlet | Noticed a minotaur
 13077 | Gauntlet | Killed a minotaur
 13258 | Lair:5   | Noticed a catoblepas
 13380 | Lair:5   | Killed a catoblepas
 13381 | Lair:5   | Reached skill level 1 in Shields
 13510 | Lair:5   | Noticed a catoblepas
 13528 | Lair:5   | Killed a catoblepas
 13700 | Lair:5   | Noticed a catoblepas
 13720 | Lair:5   | Killed a catoblepas
 13721 | Lair:5   | Reached XP level 14. HP: 112/112 MP: 0/0
 13738 | Lair:5   | Got an earthy gem with 1848 turns to spare
 13906 | Lair:5   | Reached skill level 15 in Fighting
 13907 | Lair:5   | Reached skill level 5 in Shields
 14000 | Lair:5   | Found a runed translucent gate.
 14000 | Lair:5   | Found a runed translucent gate.
 14003 | Lair:5   | Noticed KineticRobot's ghost (journeyman HOFi)
 15364 | Lair:3   | Noticed Amaemon
 15376 | Lair:3   | Killed Amaemon
 15522 | Lair:3   | Found a staircase to the Swamp.
 15585 | Lair:3   | Lost the earthy gem through the power of Zot.
 16047 | Lair:2   | Found a hole to the Spider Nest.
 16132 | Lair:2   | Identified the +4 battleaxe "Zostux" {flame, rPois Int+2
                  | Stlth+}
 16312 | Lair:2   | Reached ****** piety under Makhleb
 16732 | D:11     | Noticed Maurice
 16742 | D:11     | Killed Maurice
 16750 | D:11     | Noticed Lodul
 16957 | D:11     | Killed Lodul
 18422 | D:13     | Reached XP level 15. HP: 109/120 MP: 0/0
 18422 | D:13     | Learned a level 6 spell: Bombard
 18448 | D:13     | You are sucked into a shaft and drop 1 floor!
 18493 | D:13     | Noticed Rupert
 18618 | Orc:1    | Entered Level 1 of the Orcish Mines
 18790 | Orc:1    | Found Vumiclua's Armour Shoppe.
 18797 | Orc:1    | Bought a +2 cloak of willpower for 279 gold pieces
 19183 | Orc:2    | Entered Level 2 of the Orcish Mines
 19637 | Orc:2    | Found Plog's Book Boutique.
 19745 | Orc:2    | Found Qiskao's Antique Armour Shop.
 19884 | Orc:2    | Noticed an orc warlord
 20087 | Orc:2    | Found a staircase to the Elven Halls.
 20104 | Orc:2    | Reached skill level 16 in Fighting
 20200 | Orc:2    | Found Emaent's General Store.
 20208 | Orc:2    | Bought a scroll of fear for 44 gold pieces
 20238 | Orc:2    | Found Wiuwn's Antique Weapon Shop.
 20567 | Swamp:1  | Entered Level 1 of the Swamp
 20648 | Swamp:1  | Identified the +7 chain mail "Jiemimm" {SInv}
 20889 | Swamp:1  | Identified the +1 robe "Porph" {+Inv Int+3 Archmagi}
 21685 | Swamp:3  | Reached XP level 16. HP: 87/128 MP: 0/0
 21759 | Swamp:4  | Entered Level 4 of the Swamp
 21956 | Swamp:4  | Reached skill level 15 in Spellcasting
 21956 | Swamp:4  | Reached skill level 15 in Conjurations
 21956 | Swamp:4  | Reached skill level 15 in Hexes
 21956 | Swamp:4  | Reached skill level 15 in Summonings
 21956 | Swamp:4  | Reached skill level 15 in Necromancy
 21956 | Swamp:4  | Reached skill level 15 in Translocations
 21956 | Swamp:4  | Reached skill level 15 in Fire Magic
 21956 | Swamp:4  | Reached skill level 15 in Ice Magic
 21956 | Swamp:4  | Reached skill level 15 in Air Magic
 21956 | Swamp:4  | Reached skill level 15 in Earth Magic
 21956 | Swamp:4  | Reached skill level 15 in Alchemy
 21958 | Swamp:4  | Noticed a thorn hunter
 21970 | Swamp:4  | Killed a thorn hunter
 22077 | Swamp:4  | Got a mossy gem with 286 turns to spare
 22079 | Swamp:4  | Got a decaying rune of Zot
 22362 | Swamp:4  | Lost the mossy gem through the power of Zot.
 22643 | Swamp:3  | Reached XP level 17. HP: 121/134 MP: 0/0
 22643 | Swamp:3  | Learned a level 6 spell: Death Channel
 23471 | Swamp:2  | Identified the serpent talisman of Faerr {Dex+7}
 23471 | Swamp:2  | Noticed Aizul
 23482 | Swamp:2  | Killed Aizul
 23652 | Swamp:2  | Reached skill level 17 in Fighting
 23660 | Swamp:2  | Noticed a thorn hunter
 23667 | Swamp:2  | Noticed Jorgrun
 23811 | Spider:1 | Entered Level 1 of the Spider Nest
 24355 | Spider:2 | Noticed Mlioglotl
 24373 | Spider:2 | Killed Mlioglotl
 24511 | Spider:3 | Reached skill level 18 in Fighting
 24522 | Spider:3 | Noticed Arachne
 24694 | Spider:4 | Entered Level 4 of the Spider Nest
 24729 | Spider:4 | Reached XP level 18. HP: 116/145 MP: 0/0
 24942 | Spider:4 | Got a milky-white gem with 1276 turns to spare
 24952 | Spider:4 | Got a gossamer rune of Zot
 25186 | Spider:4 | Noticed Louise
 25204 | Spider:4 | Killed Louise
 25707 | Spider:3 | Killed Arachne
 26214 | Spider:3 | Lost the milky-white gem through the power of Zot.
 26928 | Spider:2 | Reached skill level 19 in Fighting
 26933 | Spider:2 | Reached XP level 19. HP: 153/153 MP: 0/0
 26933 | Spider:2 | Learned a level 6 spell: Conjure Ball Lightning
 27454 | Spider:1 | Noticed Xesagash's ghost (adept MiBe)
 27455 | Spider:1 | Found a runed translucent door.
 27959 | Spider:1 | Killed Xesagash's ghost
 28278 | D:13     | Found a gate to the Vaults.
 28301 | D:13     | Killed Rupert
 28531 | D:13     | Noticed Nessos
 28549 | D:13     | Killed Nessos
 29036 | D:14     | Identified the +3 chain mail of Greed {Rampage rC+ Int+3}
 29163 | D:14     | Noticed Josephine
 29172 | D:14     | Killed Josephine
 29441 | D:15     | Entered Level 15 of the Dungeon
 29859 | D:15     | Found a staircase to the Depths.
 30109 | Elf:1    | Entered Level 1 of the Elven Halls
 30132 | Elf:1    | Reached skill level 20 in Fighting
 31170 | Elf:2    | Paralysed by an air elemental for 1 turns
 31234 | Orc:2    | Reached XP level 20. HP: 154/162 MP: 0/0
 31415 | Depths:1 | Entered Level 1 of the Depths
 31508 | Depths:1 | Found a one-way gate leading to the halls of Pandemonium.
 31728 | Depths:1 | Found a one-way gateway to a ziggurat.
 32017 | Depths:1 | Found a runed translucent gate.
 32017 | Depths:1 | Found a runed translucent gate.
 32018 | Depths:1 | Found a runed translucent gate.
 32020 | Depths:1 | Noticed a dread lich
 32022 | Depths:1 | Noticed a dread lich
 32022 | Depths:1 | Noticed sanka's ghost (journeyman MiFi)
 32688 | Depths:1 | Identified the ring of Quxof {Fly rPois Str+4 Stlth+}
 33038 | Depths:2 | Noticed a golden dragon
 33046 | Depths:2 | Killed a golden dragon
 34148 | Elf:2    | Reached skill level 10 in Dodging
 34184 | Elf:2    | Found a runed translucent gate.
 34185 | Elf:2    | Found a runed translucent gate.
 34185 | Elf:2    | Found a runed translucent gate.
 34537 | Elf:2    | Noticed Roxanne
 34848 | Elf:3    | Entered Level 3 of the Elven Halls
 34853 | Elf:3    | Reached XP level 21. HP: 167/169 MP: 0/0
 34853 | Elf:3    | Learned a level 8 spell: Summon Horrible Things
 35020 | Elf:3    | Noticed Bai Suzhen
 35036 | Elf:3    | Killed Bai Suzhen
 35408 | Elf:3    | Found Gaywnog's Gadget Gallery.
 35812 | Elf:3    | Reached skill level 10 in Armour
 35836 | Elf:3    | Reached skill level 21 in Fighting
 36071 | Elf:3    | Identified the +4 morningstar of Flawed Execution {drain,
                  | Int+6}
 36101 | Elf:3    | Identified the +4 rapier "Hellblazer" {flame, rF- Will+
                  | Str+4 Dex+2}
 36198 | Elf:3    | Identified the +3 glaive of Yrukhaw {flame, *Noise Fly
                  | Stlth+}
 36251 | Elf:3    | Identified the +0 plate armour of the Robin {+Inv}
 36259 | Elf:3    | Identified the +2 spear of the Ecumenical Temple {distort,
                  | Will+ Stlth+}
 36272 | Elf:3    | Identified the +7 flail of Cheese {freeze, Dex+5}
 36602 | Elf:3    | Identified the +9 orcbow "Hydrabane" {flame, ^Fragile rC+++
                  | Will+ Str+8}
 37305 | Depths:2 | Found a gateway to Hell.
 37396 | Depths:2 | Noticed a golden dragon
 37407 | Depths:2 | Killed a golden dragon
 37677 | Depths:2 | Identified the +4 chain mail of the Blizzard {Int+3}
 37685 | Depths:2 | Found the +1 robe of Vines {NoPotionHeal Regen++++}
 37912 | Depths:2 | Reached XP level 22. HP: 145/180 MP: 0/0
 38015 | Depths:2 | Found Resek's Book Shoppe.
 38315 | Depths:2 | Found a basalt altar of Yredelemnul.
 38472 | Depths:3 | Reached skill level 22 in Fighting
 38705 | Depths:3 | Found Pon Zeogh's General Store.
 38756 | Depths:3 | Bought a scroll of blinking for 112 gold pieces
 39092 | Depths:3 | Found a corrupted altar of Lugonu.
 39092 | Depths:3 | Found a one-way gate to the infinite horrors of the Abyss.
 39226 | Depths:4 | Entered Level 4 of the Depths
 39688 | Depths:4 | Reached XP level 23. HP: 186/186 MP: 0/0
 39688 | Depths:4 | Learned a level 7 spell: Enfeeble
 40015 | Depths:4 | Reached skill level 10 in Shields
 40050 | Depths:4 | Found a gate to the Realm of Zot.
 41166 | Vaults:1 | Entered Level 1 of the Vaults
 41405 | Vaults:1 | Identified the +11 hand axe of Extermination {drain, rElec
                  | rF+ Str-5 Stlth+}
 41664 | Vaults:1 | Identified the +1 leather armour of Spring Thaw {Dex+3}
 41984 | Vaults:1 | Identified the +3 leather armour of Least Resistance {+Inv
                  | rF- rCorr Dex+3}
 42262 | Vaults:1 | Noticed an ancient lich
 42268 | Vaults:1 | Killed an ancient lich
 42344 | Vaults:1 | Noticed a dread lich
 42356 | Vaults:1 | Killed a dread lich
 42407 | Vaults:1 | Noticed an ancient lich
 42432 | Vaults:1 | Killed an ancient lich
 42447 | Vaults:1 | Found a runed translucent gate.
 42448 | Vaults:1 | Found a runed translucent gate.
 42448 | Vaults:1 | Found a runed translucent gate.
 42448 | Vaults:1 | Noticed a dread lich
 42449 | Vaults:1 | Noticed royokou's ghost (veteran MiFi)
 42449 | Vaults:1 | Found the +8 frozen axe "Frostbite" {freeze, freezing
                  | cloud, *Noise Fly rC+}
 42970 | Vaults:2 | Reached XP level 24. HP: 194/194 MP: 0/0
 43076 | Vaults:2 | Noticed Norris
 43085 | Vaults:2 | Killed Norris
 43293 | Vaults:2 | Noticed Zenata
 43460 | Vaults:2 | Found a staircase to the Crypt.
 43920 | Vaults:2 | Noticed Asterion
 43925 | Vaults:2 | Killed Asterion
 44140 | Vaults:2 | Found Dacvof's Armour Boutique.
 44170 | Vaults:2 | Reached skill level 23 in Fighting
 44416 | Vaults:3 | Noticed DizzySkin's ghost (veteran MiBe)
 44417 | Vaults:3 | Found a transporter.
 44524 | Vaults:3 | Identified the ring "Faucvoo" {rElec rC+ Str+7 Int-4}
 44672 | Vaults:3 | Found Heepo's Armour Emporium.
 44814 | Vaults:3 | Noticed Mennas
 44859 | Vaults:3 | Killed Mennas
 44960 | Vaults:3 | Found a transporter.
 45170 | Vaults:3 | Reached XP level 25. HP: 180/188 MP: 0/0
 45170 | Vaults:3 | Learned a level 8 spell: Lehudib's Crystal Spear
 45245 | Vaults:3 | Found Tigeef's Antique Armour Boutique.
 45251 | Vaults:3 | Bought a glowing hat for 294 gold pieces
 46180 | Vaults:4 | Reached skill level 24 in Fighting
 46452 | Vaults:4 | Found Dedas's Antique Weapon Boutique.
 46634 | Vaults:4 | Found Relirar's Book Shoppe.
 46707 | Vaults:4 | Found Oka Jido's Antique Weapon Shoppe.
 46717 | Vaults:4 | Bought a slimy quarterstaff for 432 gold pieces
 46717 | Vaults:4 | Identified the +3 quarterstaff of the Shrike {freeze, SInv}
                  | (You bought it in a shop on level 4 of the Vaults)
 47235 | Swamp:2  | Killed Jorgrun
 47757 | Vaults:1 | Killed a dread lich
 47779 | Vaults:1 | Killed royokou's ghost
 47789 | Vaults:1 | Identified the ring "Kotiups" {rF+ Dex+8}
 47792 | Vaults:1 | Identified the +0 pair of gloves of the Eternal Fruit
                  | {rPois Will+ SInv}
 47807 | Vaults:1 | Identified the amulet "Dorhi Nume" {Reflect Will- Int+4
                  | SH+5}
 48096 | Vaults:5 | Entered Level 5 of the Vaults
 48113 | Vaults:5 | Reached skill level 1 in Evocations
 48546 | Vaults:5 | Reached XP level 26. HP: 154/213 MP: 0/0
 48719 | Vaults:5 | Identified the +5 scale mail "Suehorof" {rN+ Int+5 Stlth-}
 48737 | Vaults:5 | Identified the +3 great mace of Objectivity {antimagic,
                  | ^Drain Dex+5 Stlth+}
 48804 | Vaults:5 | Noticed an ancient lich
 48840 | Vaults:5 | Killed an ancient lich
 48841 | Vaults:5 | Reached skill level 5 in Evocations
 49049 | Vaults:5 | Noticed Boris
 49067 | Vaults:5 | Killed Boris
 49068 | Vaults:5 | Reached skill level 25 in Fighting
 49207 | Vaults:5 | Identified the staff "Nuogim" {rElec rC+ rN+ Int-2 Necro}
 49862 | Vaults:5 | Got a silver rune of Zot
 50224 | Zot:1    | Entered Level 1 of the Realm of Zot
 50604 | Zot:1    | Identified the staff of the Rattlesnake {rN+ SInv Necro}
 51266 | Zot:2    | Reached XP level 27. HP: 139/221 MP: 0/0
 51266 | Zot:2    | Learned a level 9 spell: Death's Door
 51926 | Zot:3    | Noticed an orb of fire
 51961 | Zot:3    | Killed an orb of fire
 52108 | Zot:3    | Noticed an ancient lich
 52118 | Zot:3    | Killed an ancient lich
 52149 | Zot:3    | Noticed a dread lich
 52156 | Zot:3    | Killed a dread lich
 52335 | Zot:3    | You are sucked into a shaft and drop 1 floor!
 53295 | Zot:4    | Reached skill level 26 in Fighting
 53869 | Zot:5    | Entered Level 5 of the Realm of Zot
 54005 | Zot:5    | Identified the +10 short sword of Anxiety {venom, ^Fragile
                  | Str+6}
 54493 | Zot:5    | Noticed an orb of fire
 54499 | Zot:5    | Gained mutation: You are partially covered in iridescent
                  | scales. (AC +2) [an orb of fire]
 54500 | Zot:5    | Killed an orb of fire
 54526 | Zot:5    | Noticed a dread lich
 54530 | Zot:5    | Killed a dread lich
 54535 | Zot:5    | Noticed a dread lich
 54536 | Zot:5    | Noticed an ancient lich
 54539 | Zot:5    | Killed a dread lich
 54539 | Zot:5    | Noticed a Killer Klown
 54543 | Zot:5    | Noticed a Killer Klown
 54550 | Zot:5    | Killed a Killer Klown
 54553 | Zot:5    | Killed a Killer Klown
 54554 | Zot:5    | Killed an ancient lich
 54647 | Zot:5    | Reached skill level 27 in Fighting
 54684 | Zot:5    | Got the Orb of Zot
 54881 | Depths:1 | Noticed Irph the pandemonium lord
 55234 | D:$      | Escaped with the Orb!

Illustrated notes

Levels and vault maps discovered:
D:1:      minmay_arrival_nine_rooms, layout_loops_ring, serial_bayou_pond_b,
          grunt_decor_one_mirror
D:2:      layout_basic, minmay_heptomino_w4
D:3:      layout_basic, kennysheep_generic_room_12
D:4:      layout_rooms, grunt_ministairs_7, uniq_robin
D:5:      layout_loops_corners, uniq_duvessa, uniq_prince_ribbit1, uniq_edmund,
          uniq_pikel, uniq_crazy_yiuf_cottage
D:6:      layout_rooms, minmay_temple_entry_tees, grunt_ministairs_13
D:7:      layout_gridville, chequers_mini_garden, grunt_decor_mini_mirrors,
          dreamdust_gnoll_farm
D:8:      layout_loops_cross, serial_demonic, serial_demonic_a,
          serial_demonic_g, serial_demonic_f, serial_demonic_a, enter_bailey_8,
          amcnicky_mini_pool_small
D:9:      layout_roguey, minitemple, zombieorc2_lemuel, uniq_maggie
D:10:     layout_rooms, mainiacjoe_overflow_tiny_flanked, david_lair_shrubbed,
          uniq_joseph
D:11:     layout_cave_pools, uniq_lodul, uniq_maurice
D:12:     layout_grid_maze
D:13:     layout_cave_pools, erik_vaults_1, uniq_nessos, uniq_rupert
D:14:     layout_roguey, kennysheep_generic_room_14, uniq_josephine
D:15:     hangedman_depths_entry_civil_slaughter, layout_basic,
          dreamdust_mushroom_princess, nicolae_figureground_pulse
Temple:   nicolae_temple_slightly_damp_pantheon
Lair:1:   layout_gridlike, uniq_nergalle
Lair:2:   layout_hall_layers, spider_nest_entry_rubble,
          infiniplex_staircase_pool, lemuel_fruit_tree, lemuel_fruit_fields
Lair:3:   layout_misc_corridors, swamp_mist_pool,
          chequers_serial_rivers_large_b, uniq_amaemon
Lair:4:   layout_cave_pods, minmay_slime_entry_pillars, minivault_25,
          infiniplex_staircase_pool_2, lemuel_fruit_fields
Lair:5:   evilmike_catoblepas_cave, layout_cellular_growth,
          ebering_ghost_rock_garden, gauntlet_entry_generic
Swamp:1:  layout_basic_swamp, evilmike_swamp_ruin_house_3
Swamp:2:  layout_basic_swamp, evilmike_swamp_ruin_house_5,
          hangedman_swamp_lotus, swamp_pool_1_2, nicolae_swamp_no_escape,
          uniq_aizul, uniq_jorgrun
Swamp:3:  cheibrodos_swamp_heart_of_darkness, layout_basic_swamp,
          evilmike_swamp_ruin_house_4, swamp_pool_1_2, hangedman_swamp_grove
Swamp:4:  swamp_alternative, layout_basic_swamp, swamp_pool_5,
          roderic_carrion_pond
Spider:1: nicolae_spider_hilbert_zone_2 [nicolae_spider_hilbert_4_sides_1_open,
          nicolae_spider_hilbert_4_sides_1_open,
          nicolae_spider_hilbert_4_sides_1_open,
          nicolae_spider_hilbert_4_sides_1_open,
          nicolae_spider_hilbert_6_sides_1_open,
          nicolae_spider_hilbert_6_sides_1_open,
          nicolae_spider_hilbert_3_sides_1_open,
          nicolae_spider_hilbert_3_sides_1_open,
          nicolae_spider_hilbert_3_sides_1_open,
          nicolae_spider_hilbert_3_sides_1_open,
          nicolae_spider_hilbert_6_sides_1_open,
          nicolae_spider_hilbert_6_sides_1_open,
          nicolae_spider_hilbert_6_sides_1_open,
          nicolae_spider_hilbert_6_sides_1_open], hellmonk_ghost_happy_afterlife
Spider:2: nicolae_spider_broodchamber, nicolae_spider_stair_cavern,
          uniq_mlioglotl
Spider:3: layout_chambers, hangedman_stitches_earthworm, uniq_arachne
Spider:4: hellmonk_spider_rune_endless_swarm, uniq_louise
Orc:1:    layout_caves, serial_shops, nicolae_shop_scrapyard
Orc:2:    grunt_orc_gardens, layout_diamond_mine, grunt_orc_garden,
          grunt_orc_garden, grunt_orc_garden, grunt_orc_garden
Elf:1:    layout_geoelf_diagonals, basic_altar, nicolae_elf_blasts_and_bolts,
          amethyst_killhole, grunt_ministairs_1, nrook_loot_triangle
Elf:2:    nicolae_elf_blades_crystal_corner, layout_loops_ring, uniq_roxanne
Elf:3:    minmay_elf_hall_hex, layout_loops_corners, nicolae_shop_gadgets,
          grunt_megastairs_3, uniq_bai_suzhen
Vaults:1: gammafunk_ghost_crypt, hangedman_vaults_stitches,
          nicolae_vaults_diagonal_hallway_6, nicolae_vaults_what_the_h,
          ontoclasm_vaults_eye, nicolae_vaults_network_star, v_alt_pattern_1,
          vaults_mumra_hex, nicolae_vaults_double_plus_1,
          nicolae_vaults_tangram_1, layout_vaults_chaotic_city
Vaults:2: v_misc_28, vaults_room_boxed, minmay_crypt_entry_simple_walls,
          ontoclasm_vaults_chip, nicolae_vaults_taking_the_gang_shopping,
          nicolae_vaults_network_square, v_misc_17, hangedman_vaults_slice,
          vaults_dpeg_ring, layout_vaults_omnigrid, uniq_norris, uniq_zenata,
          uniq_asterion
Vaults:3: gammafunk_ghost_arena, nicolae_vaults_trapezoid_layered,
          nicolae_vaults_tetromino_L_2, v_misc_25, st_hourglassy, v_misc_5,
          nicolae_vaults_trapezoid_2, ontoclasm_vaults_spin,
          nicolae_vaults_trapezoid_lopsided_1, nicolae_vaults_diamond_1,
          v_misc_10, v_misc_18, layout_vaults_ring, serial_shops,
          nicolae_shop_tiny_glass, nicolae_square_shop, uniq_mennas
Vaults:4: hangedman_vaults_corner, nicolae_vaults_wrenched, v_misc_11,
          v_misc_23, nicolae_vaults_security_offices_6, hangedman_vaults_impose,
          nicolae_vaults_storage_room_doors, v_misc_22, vaults_room_door_ring,
          hangedman_vaults_cutoff, v_misc_3, layout_vaults_maze_bifur,
          serial_shops, shop, nicolae_shop_advertising_works
          [nicolae_subvault_shop_adworks], shop
Vaults:5: uniq_boris
Depths:1: layout_gridlike, enter_ziggurat_b, hellmouth_1,
          gammafunk_ghost_necromancy, pan_entry, serial_bayou_pond_c,
          st_stairs_8, minmay_pinched_square
Depths:2: minmay_four_inscribed_fans, layout_gridville, reono_crystal_passage,
          rand_demon_pan_entry_7, serial_shops, shop, hell_entry,
          lemuel_zombie_altar_yredelemnul
Depths:3: minmay_curly_fans, layout_cave_pools, hangedman_tar_grid_catacomb,
          abyss_entry_flame_altar, serial_shops, kennysheep_mini_moat,
          wad_floor_pattern_1
Depths:4: grunt_twist_and_shout, layout_basic, grunt_mini_vestibule,
          serial_co_window_serial, co_window_corner_a, co_window_paths_a,
          co_window_corner_a, co_window_paths_a, co_window_paths_a,
          co_window_corner_cb, co_window_of_opportunity_c, co_window_2corner,
          glass_columns_a, glass_columns_a, glass_columns_c, pan_entry,
          uniq_margery
Zot:1:    layout_onion_interference, st_large_dragon_hoard_4
Zot:2:    minmay_elemental_castle, layout_onion_interference
Zot:3:    hellmonk_crystal_mountain, layout_basic,
          regret_index_zotdec_under_construction
Zot:4:    layout_misc_corridors, hangedman_zot_decor_scrapings,
          grunt_megastairs_1
Zot:5:    layout_basic

Skill      XL: |  1  2  3  4  5  6  7  8  9 10 11 12 13 14 15 16 17 18 19 20 21 22 23 24 25 26 27 |
---------------+----------------------------------------------------------------------------------+-----
Fighting       | 1 2 3 4 8 9 11 13 14 15 16 18 19 20 21 22 23 24 25 27 | 27.0
Spellcasting   | 4 5 6 7 8 9 10 11 12 14 16 17 18 19 20 22 23 25 26 | 26.5
Conjurations   | 4 5 6 7 8 9 10 11 12 14 16 17 18 19 20 22 23 25 26 | 26.5
Hexes          | 4 5 6 7 8 9 10 11 12 14 16 17 18 19 20 22 23 25 26 | 26.5
Summonings     | 4 5 6 7 8 9 10 11 12 14 16 17 18 19 20 22 23 25 26 | 26.5
Necromancy     | 4 5 6 7 8 9 10 11 12 14 16 17 18 19 20 22 23 25 26 | 26.5
Translocations | 4 5 6 7 8 9 10 11 12 14 16 17 18 19 20 22 23 25 26 | 26.5
Fire Magic     | 4 5 6 7 8 9 10 11 12 14 16 17 18 19 20 22 23 25 26 | 26.5
Ice Magic      | 4 5 6 7 8 9 10 11 12 14 16 17 18 19 20 22 23 25 26 | 26.5
Air Magic      | 4 5 6 7 8 9 10 11 12 14 16 17 18 19 20 22 23 25 26 | 26.5
Earth Magic    | 4 5 6 7 8 9 10 11 12 14 16 17 18 19 20 22 23 25 26 | 26.5
Alchemy        | 4 5 6 7 8 9 10 11 12 14 16 17 18 19 20 22 23 25 26 | 26.5
Dodging        | 3 4 6 7 8 10 12 | 12.0
Armour         | 4 7 9 10 12 | 12.0
Shields        | 4 8 9 12 | 12.0
Evocations     | 4 5 |  5.0
Stealth        | |  1.5

Action                     |  1- 3 |  4- 6 |  7- 9 | 10-12 | 13-15 | 16-18 | 19-21 | 22-24 | 25-27 || total
---------------------------+-------+-------+-------+-------+-------+-------+-------+-------+-------++-------
  Melee: Dagger            |       |       |       |     2 |       |     1 |       |       |       ||     3
         Staff             |       |       |       |       |       |       |     2 |       |     1 ||     3
   Fire: Sling             |     5 |       |       |       |       |       |       |       |       ||     5
   Cast: Magic Dart        |    68 |   147 |    70 |   170 |   275 |   138 |   231 |    20 |     9 ||  1128
         Searing Ray       |     6 |    18 |    47 |    11 |       |       |       |       |       ||    82
         Freeze            |     3 |     6 |     1 |       |       |       |       |       |       ||    10
         Fulminant Prism   |       |       |     6 |     8 |     1 |       |     7 |       |       ||    22
         Iskenderun's Myst |       |       |     7 |    47 |   152 |   273 |    84 |    19 |    34 ||   616
         Ensorcelled Hiber |       |       |     4 |       |       |       |     1 |       |       ||     5
         Stone Arrow       |       |       |    35 |   238 |   596 |   348 |    69 |     1 |       ||  1287
         Metabolic Englaci |       |       |       |       |     3 |       |       |       |     1 ||     4
         Bombard           |       |       |       |       |     1 |    59 |   443 |   160 |    90 ||   753
         Death Channel     |       |       |       |       |       |    21 |    36 |    35 |    67 ||   159
         Conjure Ball Ligh |       |       |       |       |       |       |     1 |     2 |       ||     3
         Summon Horrible T |       |       |       |       |       |       |     4 |   131 |   107 ||   242
         Lehudib's Crystal |       |       |       |       |       |       |       |       |   261 ||   261
         Enfeeble          |       |       |       |       |       |       |       |       |   239 ||   239
         Passage of Golubr |       |       |       |       |       |       |       |       |     6 ||     6
         Death's Door      |       |       |       |       |       |       |       |       |     1 ||     1
  Evoke: Wand              |       |     2 |     8 |       |       |       |     1 |       |       ||    11
    Use: Scroll            |       |       |    11 |     3 |    15 |    12 |     3 |     4 |    11 ||    59
         Potion            |       |       |       |       |     3 |     2 |       |     1 |     6 ||    12
 Armour: Robe              |     7 |     6 |    16 |       |       |       |     6 |   119 |   199 ||   353
         Leather armour    |       |       |       |    44 |       |       |       |       |       ||    44
         Troll leather arm |       |       |       |     8 |   111 |   249 |   147 |       |       ||   515
  Dodge: Dodged            |     2 |    14 |    11 |    27 |    56 |    97 |    41 |    58 |   111 ||   417
  Block: Kite shield       |       |       |       |       |    77 |   183 |    83 |    82 |    73 ||   498
